 Dungeon Crawl Stone Soup version 0.31-a0-920-g28cbb04a8c (webtiles) character file.

Game seed: 8892269016497974399

16644 D12ThenQuit the Zephyrmancer (level 12, 80/80 HPs)
             Began as an Octopode Fighter on Oct 18, 2023.
             Was an Elder of Vehumet.
             Got out of the dungeon alive.
             The game lasted 00:43:22 (15513 turns).

D12ThenQuit the Zephyrmancer (Octopode Fighter)    Turns: 15513, Time: 00:43:22

Health: 80/80      AC:  5    Str: 14    XL:     12   Next: 39%
Magic:  16/16      EV: 17    Int: 22    God:    Vehumet [****..]
Gold:   249        SH:  5    Dex: 19    Spells: 5/19 levels left

rFire   + + +        a - +2 dagger (venom)
rCold   + + .        b - +0 buckler
rNeg    . . .        (helmet restricted)
rPois   .            k - amulet of Amnuus {Spirit rC+ Dex+2}
rElec   .            n - +6 ring of dexterity
rCorr   .            e - ring "Miacyc" {rF++ rC+ Will+ Int+3 Stlth-}
SInv    .            F - +4 ring of protection
Will    +....        o - +4 ring of slaying
Stlth   ++++         S - ring of protection from fire
HPRegen 0.33/turn    (no ring)
MPRegen 0.15/turn    (no ring)
                     (no ring)

%: random rage (3%), guardian spirit
@: no status effects
A: almost no armour, amphibious, 8 rings, camouflage 1, gelatinous body 1,
(nimble swimmer 1), tentacles, berserk 1, clever 1, low MP 1
a: Renounce Religion


You escaped.
You worshipped Vehumet.
Vehumet was greatly pleased with you.
You visited 2 branches of the dungeon, and saw 13 of its levels.

You collected 769 gold pieces.
You spent 520 gold pieces at shops.

Inventory:

Hand Weapons
 a - a +2 dagger of venom (weapon)
 M - a +1 rapier
Missiles
 t - 4 throwing nets
 u - 27 poisoned darts (quivered)
 O - 3 curare-tipped darts
Armour
 b - a +0 buckler (worn)
Magical Staves
 i - a staff of poison
 A - a staff of earth
Jewellery
 e - the ring "Miacyc" (right tentacle) {rF++ rC+ Will+ Int+3 Stlth-}
   (You acquired it on level 4 of the Dungeon)

   [ring of willpower]

   Int+3:     It affects your intelligence (+3).
   rF++:      It greatly protects you from fire.
   rC+:       It protects you from cold.
   Will+:     It increases your willpower.
   Stlth-:    It makes you less stealthy.
 k - the amulet of Amnuus (around mantle) {Spirit rC+ Dex+2}
   (You found it on level 2 of the Dungeon)

   [amulet of guardian spirit]

   Spirit:    It causes incoming damage to be divided between your reserves of
   health and magic.
   Dex+2:     It affects your dexterity (+2).
   rC+:       It protects you from cold.
 n - a +6 ring of dexterity (left tentacle)
 o - a +4 ring of slaying (on tentacle)
 w - an amulet of magic regeneration
 z - an amulet of guardian spirit
 F - a +4 ring of protection (on tentacle)
 G - a ring of fire
 S - a ring of protection from fire (on tentacle)
Wands
 y - a wand of flame (42)
 B - a wand of iceblast (18)
 I - a wand of polymorph (11)
 P - a wand of paralysis (7)
 Q - a wand of mindburst (9)
Scrolls
 f - 5 scrolls of amnesia
 g - a scroll of fog
 j - a scroll of poison
 m - a scroll of teleportation
 q - a scroll of vulnerability
 r - a scroll of fear {unknown}
 v - a scroll of brand weapon {unknown}
 x - a scroll of immolation
 C - a scroll of noise
 D - 2 scrolls of silence
 E - a scroll of revelation {unknown}
 H - 2 scrolls of enchant armour {unknown}
 K - 3 scrolls of enchant weapon
 R - a scroll of identify
Potions
 c - 3 potions of might
 d - 2 potions of attraction
 h - 3 potions of curing
 l - 4 potions of mutation
 p - 2 potions of brilliance
 s - a potion of heal wounds
 J - a potion of berserk rage {unknown}
 L - 2 potions of resistance {unknown}
 N - a potion of magic {unknown}
 T - a potion of lignification {unknown}


   Skills:
 - Level 6.8 Fighting
 - Level 10.0 Short Blades
 - Level 6.7 Dodging
 - Level 8.0 Stealth
 - Level 3.0 Shields
 + Level 4.2 Spellcasting
 + Level 3.1 Conjurations
 + Level 0.7 Translocations
 - Level 12.6 Air Magic
 - Level 3.0 Poison Magic


You had 5 spell levels left.
You knew the following spells:

 Your Spells              Type           Power      Damage    Failure   Level
a - Shock                 Conj/Air       100%       1d9       1%          1
b - Mephitic Cloud        Conj/Pois/Air  32%        N/A       1%          3
c - Poisonous Vapours     Pois/Air       76%        N/A       1%          2
d - Airstrike             Air            28%        2d(4-20)  1%          4
e - Iskenderun's Mystic   Conj/Tloc      13%        2d5       17%         4

Your spell library contained the following spells:

 Spells                   Type           Power      Damage    Failure   Level
 Olgreb's Toxic Radiance  Pois           17%        N/A       11%         4
 Magic Dart               Conj           72%        1d6       1%          1
 Swiftness                Air            56%        N/A       1%          3
 Dazzling Flash           Conj/Hex       22%        N/A       6%          3
 Volatile Blastmotes      Fire/Tloc      12%        2d11      11%         3
 Fulminant Prism          Conj/Hex       5%         3d7       19%         4
 Call Imp                 Summ           8%         N/A       22%         2
 Wereblood                Tmut           4%         N/A       22%         2
 Ozocubu's Armour         Ice            4%         N/A       41%         3
 Irradiate                Conj/Tmut      5%         3d13      45%         5
 Maxwell's Capacitive Co  Air            28%        ∞         75%         8
 Starburst                Conj/Fire      5%         6d4       94%         6
 Ozocubu's Refrigeration  Ice            2%         4d7       100%        7


Dungeon Overview and Level Annotations

Branches:
Dungeon (12/15)            Temple (1/1) D:5            Lair (0/5) D:8
    Orc (0/2) D:10

Altars:
Ashenzari
Cheibriados
Dithmenos
Elyvilon
Fedhas
Gozag
Hepliaklqana
Kikubaaqudgha
Makhleb
Nemelex Xobeh
Okawaru
Qazlal
Ru
Sif Muna
Trog
Uskayaw
Vehumet
Wu Jian
Xom
Yredelemnul
Zin
The Shining One

Shops:
D:4 ?   D:6 (*![*   D:9 [:[?

Annotations:
D:5 1 runed translucent door, Crazy Yiuf
D:8 2 transporters, exclusion: two-headed ogre
Temple 2 transporters


Innate Abilities, Weirdness & Mutations

You cannot wear most types of armour.
You are amphibious.
You can wear up to eight rings at the same time.
Your skin changes colour to match your surroundings (Stealth+).
Your rubbery body absorbs attacks. (AC +1, EV +1)
((You are camouflaged when in or above water. (Stealth+)))
You have tentacles for arms and can constrict up to eight enemies at once.
You sometimes lose your temper in combat.
Your mind is acute. (Int +4, Str/Dex -1)
Your magical capacity is low. (-10% MP)


Message History

You climb upwards.
There is a stone staircase leading down here.
There is a stone staircase leading up here.
You climb upwards.
There is a stone staircase leading down, spattered with blood here.
Items here: ))))))) [[[.
There is a stone staircase leading up, spattered with blood here.
You climb upwards.
There is a stone staircase leading down, spattered with blood here.
There is a stone staircase leading up here.
You climb upwards.
Level annotation: 2 transporters, exclusion: two-headed ogre
There is a stone staircase leading down here.
There is a stone staircase leading up here.
You climb upwards.
There is a stone staircase leading down here.
There is a basalt altar of Yredelemnul here.
You see here a +0 trident.
There is a stone staircase leading up here.
You see here a +0 dagger.
You climb upwards.
There is a stone staircase leading down here.
There is a stone staircase leading up here.
You climb upwards.
Level annotation: 1 runed translucent door, Crazy Yiuf
There is a stone staircase leading down here.
There is a stone staircase leading up here.
You climb upwards.
There is a stone staircase leading down here.
There is a stone staircase leading up here.
You climb upwards.
There is a stone staircase leading down here.
There is a stone staircase leading up here.
You climb upwards.
There is a stone staircase leading down here.
There is a stone staircase leading up here.
You climb upwards.
There is a stone staircase leading down here.
There is a staircase leading out of the dungeon here.
You have escaped!

##########.##.##......# #....#
.................####.###.#.#####
####.#####.##..#.................
#.# ###.##....#####..###.#####
#.# #...##.....[.....# #.# #.#
#.###..#####..##.# #.# #.#
#.##..#.....#..#.# #.#
#.###.#..#.......#...# #.#
#.......#....@....#..# #.#
#####.#..#.......#...###.#
#.....#.....#........#
####...#####...#######
#.#.........# #.####......# #.#
#..##### #.# #..# #.# #..########


There were no monsters in sight!

Vanquished Creatures
  4 two-headed ogres
  2 boulder beetles
  Urug (D:10)
  Pikel (D:5)
  A manticore (D:12)
  An ugly thing (D:12)
  2 kobold demonologists (D:9)
  2 trolls
  A hornet (D:11)
  4 slime creatures
  4 wyverns
  2 wraiths (D:12)
  20 yaks
  2 basilisks (D:8)
  A human (D:10)
  Menkaure (D:6)
  7 vampire mosquitoes (D:12)
  3 acid dragons
  A water moccasin (D:8)
  5 black bears
  7 orc warriors
  An ice beast (D:6)
  2 sky beasts
  3 ogres
  2 wolves (D:8)
  A centaur (D:5)
  A kobold brigand (D:10)
  3 lemures (D:5)
  6 bullfrogs
  A gnoll sergeant (D:11)
  2 scorpions
  5 killer bees (D:9)
  2 howler monkeys (D:11)
  An electric eel (D:6)
  A hound (D:5)
  9 orc priests
  A jelly (D:6)
  2 gnoll boudas
  Ijyb (D:5)
  5 iguanas
  9 orc wizards
  A sleepcap (D:7)
  11 adders
  12 gnolls
  A shadow imp (D:6)
  4 white imps
  4 ufetubi
  7 dart slugs
  66 orcs
  9 ball pythons
  8 endoplasms
  9 giant cockroaches
  11 hobgoblins
  9 kobolds
  A quokka (D:3)
  6 bats
  A frilled lizard (D:2)
  6 goblins
  4 rats
300 creatures vanquished.

Notes
Turn   | Place    | Note
-------+----------+-------------------------------------------
     0 | D:1      | D12ThenQuit the Octopode Fighter began the quest for the
                  | Orb.
     0 | D:1      | Reached XP level 1. HP: 16/16 MP: 1/1
    80 | D:1      | Reached skill level 1 in Stealth
   125 | D:1      | Reached XP level 2. HP: 21/21 MP: 2/2
   128 | D:1      | Found a faded altar of an unknown god.
   460 | D:1      | Reached XP level 3. HP: 25/26 MP: 3/3
   768 | D:2      | Found a basalt altar of Yredelemnul.
   783 | D:2      | You fall into a shaft and drop 2 floors!
   783 | D:3      | Identified the "Anehy"
   794 | D:4      | Noticed an ogre
  1020 | D:2      | Reached XP level 4. HP: 31/31 MP: 4/4
  1073 | D:2      | Identified the amulet of Amnuus {Spirit rC+ Dex+2}
  1663 | D:3      | Reached XP level 5. HP: 36/36 MP: 5/5
  1757 | D:3      | Identified the +3 whip "Xikyih" {heavy, rElec rF+ rC+}
  2086 | D:3      | Found a bloodstained altar of Trog.
  2329 | D:4      | Reached skill level 5 in Stealth
  2335 | D:4      | Found Ommutemmic's Magic Scroll Emporium.
  2353 | D:4      | Found a sacrificial altar of Ru.
  2429 | D:4      | Reached XP level 6. HP: 20/42 MP: 3/6
  2602 | D:4      | Reached skill level 5 in Short Blades
  2936 | D:4      | Identified a scroll of acquirement
  2943 | D:4      | Acquired the ring "Miacyc" {rF++ rC+ Will+ Int+3 Stlth-}
  2955 | D:4      | Found a shimmering blue altar of Sif Muna.
  3421 | D:5      | Entered Level 5 of the Dungeon
  3696 | D:5      | Noticed a black bear
  3823 | D:5      | Found a runed translucent door.
  3824 | D:5      | Noticed Crazy Yiuf
  3936 | D:5      | Noticed a black bear
  3951 | D:5      | Noticed Ijyb
  3959 | D:5      | Killed Ijyb
  4181 | D:5      | Noticed Pikel
  4308 | D:5      | Reached XP level 7. HP: 46/46 MP: 7/7
  4857 | D:5      | Killed Pikel
  4858 | D:5      | Reached XP level 8. HP: 13/52 MP: 3/8
  5061 | D:5      | Found a staircase to the Ecumenical Temple.
  5078 | Temple   | Found a transporter.
  5078 | Temple   | Found a transporter.
  5078 | Temple   | Found a transporter.
  5078 | Temple   | Found a transporter.
  5078 | Temple   | Entered the Ecumenical Temple
  5097 | Temple   | Became a worshipper of Vehumet
  5613 | D:6      | Noticed Menkaure
  5622 | D:6      | Killed Menkaure
  5805 | D:6      | Reached XP level 9. HP: 57/58 MP: 7/9
  6063 | D:6      | Found Qyvep's Assorted Antiques.
  6063 | D:6      | Found Senar's Antique Weapon Shop.
  6066 | D:6      | Found Emnikkov's Distillery.
  6109 | D:6      | Found Xodammid's Armour Emporium.
  6123 | D:6      | Found Naereux's Assorted Antiques.
  6264 | D:7      | Found a basalt altar of Yredelemnul.
  6846 | D:7      | Found a runed translucent door.
  7278 | D:8      | Reached * piety under Vehumet
  7278 | D:8      | Offered knowledge of Kiss of Death by Vehumet.
  7340 | D:8      | Reached skill level 5 in Fighting
  7393 | D:8      | Reached skill level 5 in Dodging
  7575 | D:8      | Found a staircase to the Lair.
  7596 | D:8      | Reached skill level 10 in Short Blades
  7668 | D:8      | Found an opulent altar of Gozag.
  7679 | D:8      | Noticed a two-headed ogre
  7963 | D:8      | Reached XP level 10. HP: 65/69 MP: 10/10
  8144 | D:8      | Found a transporter.
  8148 | D:8      | Noticed a white ugly thing
  8150 | D:8      | Found a white marble altar of Elyvilon.
  8150 | D:8      | Found a transporter.
  8151 | D:8      | Noticed a deep elf pyromancer
  8153 | D:8      | Noticed a kobold demonologist
  8163 | D:8      | Found a broken altar of Ashenzari.
  8163 | D:8      | Found a glowing golden altar of the Shining One.
  8179 | D:8      | Learned a level 3 spell: Mephitic Cloud
  8600 | D:9      | Found an ornate altar of the Wu Jian Council.
  8670 | D:9      | Found Goeny's Book Emporium.
  8683 | D:9      | Found Basacli's Antique Armour Shoppe.
  8770 | D:9      | Reached skill level 1 in Poison Magic
  8852 | D:9      | Reached skill level 1 in Spellcasting
  8852 | D:9      | Reached skill level 1 in Conjurations
  8852 | D:9      | Reached skill level 1 in Air Magic
  8920 | D:9      | Noticed a two-headed ogre
  9260 | D:9      | Found Veplaequ's Antique Armour Emporium.
  9765 | D:9      | Found Ystedy's Magic Scroll Shop.
  9904 | D:4      | Bought a scroll of acquirement for 520 gold pieces
  9907 | D:4      | Acquired a +4 ring of slaying
  9923 | D:4      | Reached skill level 2 in Air Magic
 10332 | D:7      | Learned a level 1 spell: Shock
 10436 | D:7      | Offered knowledge of Poisonous Vapours by Vehumet.
 10437 | D:7      | Reached ** piety under Vehumet
 10525 | D:7      | Learned a level 2 spell: Poisonous Vapours
 10530 | D:7      | Learned a level 4 spell: Airstrike
 10645 | D:10     | Entered Level 10 of the Dungeon
 10704 | D:9      | Reached skill level 3 in Air Magic
 11093 | D:9      | Reached skill level 4 in Air Magic
 11289 | D:10     | Noticed Urug
 11443 | D:10     | Reached skill level 5 in Air Magic
 11504 | D:9      | Killed a two-headed ogre
 11505 | D:9      | Reached skill level 6 in Air Magic
 11505 | D:9      | Reached XP level 11. HP: 74/74 MP: 11/14
 11537 | D:10     | Offered knowledge of Momentum Strike by Vehumet.
 11542 | D:10     | Reached skill level 7 in Air Magic
 11565 | D:10     | Noticed a soul eater
 11721 | D:9      | Reached skill level 8 in Air Magic
 11739 | D:10     | Found a staircase to the Orcish Mines.
 11897 | D:10     | Reached *** piety under Vehumet
 12460 | D:10     | Reached skill level 9 in Air Magic
 12623 | D:10     | Killed Urug
 12873 | D:11     | Noticed a two-headed ogre
 12879 | D:11     | Noticed a boulder beetle
 12881 | D:11     | Killed a two-headed ogre
 12882 | D:11     | Reached skill level 10 in Air Magic
 12882 | D:11     | Noticed a two-headed ogre
 12889 | D:11     | Killed a two-headed ogre
 12892 | D:11     | Offered knowledge of Olgreb's Toxic Radiance by Vehumet.
 12914 | D:11     | Killed a boulder beetle
 12915 | D:11     | Reached skill level 11 in Air Magic
 13198 | D:11     | Identified the +8 hand axe of Feesoogyso {speed, Str+2}
 13388 | D:11     | Reached XP level 12. HP: 75/80 MP: 15/15
 13653 | D:11     | Reached skill level 12 in Air Magic
 14032 | D:12     | Noticed a two-headed ogre
 14267 | D:12     | Killed a two-headed ogre
 14525 | D:12     | Noticed a boulder beetle
 14538 | D:12     | Killed a boulder beetle
 14852 | D:12     | Gained mutation: Your magical capacity is low. (-10% MP)
                  | [potion of mutation]
 14852 | D:12     | Gained mutation: You sometimes lose your temper in combat.
                  | [potion of mutation]
 14852 | D:12     | Gained mutation: Your mind is acute. (Int +4, Str/Dex -1)
                  | [potion of mutation]
 14862 | D:12     | Reached **** piety under Vehumet
 15050 | D:12     | Learned a level 4 spell: Iskenderun's Mystic Blast
 15513 | D:$      | Got out of the dungeon alive.

Illustrated notes

Levels and vault maps discovered:
D:1:      scummos_arrival_hexagon, layout_loops_ring,
          shapermc_ecumenical_altar_notcrosses
D:2:      layout_rooms, basic_altar
D:3:      layout_basic, trog_book, minmay_joined_circles
D:4:      layout_basic, lemuel_crystal_altar, nicolae_sif_muna_condensation,
          serial_shops, nicolae_shop_window_shopping
D:5:      layout_basic, minmay_temple_entry_sparse_star, nrook_mini_backslash,
          uniq_crazy_yiuf_cottage, uniq_ijyb, uniq_pikel
D:6:      layout_gridville, nicolae_shop_national_dungeon_mall, uniq_menkaure
D:7:      layout_loops_ring, mainiacjoe_overflow_cross_hatched, serial_aquarium,
          aquarium_bridge_square [aquarium_subvault_bridge,
          aquarium_subvault_window, aquarium_subvault_window,
          aquarium_subvault_wall], aquarium_window_corridor_2,
          aquarium_window_fake, aquarium_window_fake, aquarium_view_2g,
          aquarium_view_2a, aquarium_balcony_double_1, aquarium_pool_side,
          lightli_church_of_beogh
D:8:      layout_basic, gammafunk_temple_overflow_arena, grunt_gozag_statues,
          minmay_lair_entry_grove
D:9:      layout_long_grid, nzn_wu_jian_contemplation, serial_shops,
          nicolae_shop_just_a_little_nook, nicolae_shop_rolled_up,
          nicolae_shop_real_fake_doors, shop, statue_in_the_mist_lemuel
D:10:     layout_cave_pods, erik_orc_4, minmay_stone_trees_small,
          bh_walls_and_bars, uniq_urug
D:11:     layout_irregular_city
D:12:     layout_long_grid
Temple:   hellmonk_temple_divided_pantheon

Skill      XL: |  1  2  3  4  5  6  7  8  9 10 11 12 |
---------------+-------------------------------------+-----
Stealth        | 1 2 3 4 5 8 |  8.0
Short Blades   | 3 4 6 8 9 10 | 10.0
Fighting       | 6 |  6.8
Dodging        | 6 |  6.7
Poison Magic   | 3 |  3.0
Spellcasting   | 2 4 |  4.2
Conjurations   | 3 |  3.1
Air Magic      | 6 11 12 | 12.6
Shields        | |  3.0
Translocations | |  0.7

Action                     |  1- 3 |  4- 6 |  7- 9 | 10-12 || total
---------------------------+-------+-------+-------+-------++-------
  Melee: Rapier            |    53 |   149 |   200 |   157 ||   559
         Constrict         |    10 |    34 |    42 |    54 ||   140
         Tentacles         |     6 |    21 |    43 |   127 ||   197
         Punch             |     1 |       |     2 |    10 ||    13
         Dagger            |       |       |       |   264 ||   264
  Throw: Dart              |       |    13 |    31 |    24 ||    68
   Cast: Shock             |       |       |       |    30 ||    30
         Mephitic Cloud    |       |       |       |    26 ||    26
         Airstrike         |       |       |       |    15 ||    15
         Poisonous Vapours |       |       |       |     4 ||     4
  Evoke: Wand              |       |     4 |     1 |     1 ||     6
    Use: Scroll            |       |     8 |     2 |     7 ||    17
         Potion            |       |       |     1 |     5 ||     6
   Stab: Sleeping          |    14 |    12 |    12 |     2 ||    40
         Distracted        |       |       |     2 |     1 ||     3
         Confused          |       |       |       |    15 ||    15
 Armour: Skin              |    10 |    42 |    65 |   168 ||   285
  Dodge: Dodged            |    19 |    64 |   113 |   186 ||   382
  Block: Buckler           |     6 |    22 |    34 |    76 ||   138

Table legend: (Time is in decaauts)
 A = Elapsed time spent in this place.
 B = Non-inter-level travel time spent in this place.
 C = Inter-level travel time spent in this place.
 D = Time resting spent in this place.
 E = Time spent auto-exploring this place.
 F = Levels seen in this place.
 G = Mean time per level.
                   A        B        C        D        E       F      G
               +--------+--------+--------+--------+--------+-----+--------+
         Total |  15367 |  14024 |   1343 |   2878 |   6296 |  13 | 1182.1 |
       Dungeon |  15333 |  13990 |   1343 |   2878 |   6296 |  12 | 1277.8 |
        Temple |     34 |     34 |      0 |      0 |      0 |   1 |   34.0 |
               +--------+--------+--------+--------+--------+-----+--------+

Top non-repeatable levels by time:
     D:9: 1944 daAuts
     D:5: 1917 daAuts
     D:4: 1562 daAuts
     D:8: 1483 daAuts
     D:7: 1472 daAuts
    D:10: 1472 daAuts
    D:11: 1172 daAuts
    D:12: 1149 daAuts
     D:6: 907 daAuts
     D:2: 792 daAuts
     D:1: 751 daAuts
     D:3: 707 daAuts
  Temple: 34 daAuts
